[Event "TUR-chT Superleague 2018"]
[Site "Ankara"]
[Date "2018.07.27"]
[Round "3"]
[White "Selbes, Tamer Tarik"]
[Black "Ertan, Can"]
[Result "0-1"]
[ECO "A00"]
[WhiteElo "2330"]
[BlackElo "2379"]
[Annotator "NA"]
[PlyCount "114"]
[EventDate "2018.07.25"]
[EventType "team-tourn"]
[EventCountry "TUR"]
[SourceTitle "playchess.com"]
[Source "ChessBase"]
[SourceQuality "1"]
[TimeControl "40/5400+30:1800+30"]

1. g3 e5 2. Bg2 d5 3. Nf3 e4 4. Nd4 Bc5 5. c3 Ne7 6. d3 exd3 7. Qxd3 O-O 8. O-O Nd7 9. Bg5 c6 10. e4 dxe4 11. Qxe4 h6 12. Bxe7 Bxe7 13. Nf5 Bc5 14. b4 Re8 15. Qf4 Bf8 16. Na3 Qf6 17. Nd4 Qxf4 18. gxf4 a5 19. Nc4 axb4 20. cxb4 Bxb4 21. Rab1 Bc5 22. Nf5 Re6 23. Rb2 Ra4 24. Rc2 Rf6 25. Bh3 Kh7 26. Re1 b5 27. Nb2 Rxf4 28. Nd3 Rf3 29. Nxc5 Nxc5 30. Rxc5 Rg6+ 31. Kf1 Rg5 32. Bg2 Bxf5 33. Bxf3 Bd3+ 34. Be2 Bxe2+ 35. Kxe2 Rxc5 36. Kd3 Rf5 37. Re2 Kg6 38. Rc2 c5 39. Rb2 c4+ 40. Kc3 Kg5 41. Kb4 Kg4 42. Re2 g5 43. Re3 Rxf2 44. Kxb5 Rxa2 45. h3+ Kh4 46. Rf3 c3 47. Rxc3 f5 48. Kc5 Rd2 49. Rf3 f4 50. Kc4 Rh2 51. Kd4 Rxh3 52. Rf1 Kg4 53. Ke5 Re3+ 54. Kf6 h5 55. Rg1+ Rg3 56. Rb1 f3 57. Kg6 f2 0-1

[Event "TUR-chT Superleague 2018"]
[Site "Ankara"]
[Date "2018.07.27"]
[Round "3"]
[White "Kilic, Efe Mert"]
[Black "Gulden, Egemen"]
[Result "0-1"]
[ECO "B97"]
[WhiteElo "2317"]
[BlackElo "2085"]
[Annotator "NA"]
[PlyCount "127"]
[EventDate "2018.07.25"]
[EventType "team-tourn"]
[EventCountry "TUR"]
[SourceTitle "playchess.com"]
[Source "ChessBase"]
[SourceQuality "1"]
[TimeControl "40/5400+30:1800+30"]

1. e4 c5 2. Nf3 d6 3. d4 cxd4 4. Nxd4 Nf6 5. Nc3 a6 6. Bg5 e6 7. f4 Qb6 8. Nb3 Nbd7 9. Qf3 Be7 10. O-O-O Qc7 11. g4 b5 12. a3 Bb7 13. Bg2 Rc8 14. Qe2 h6 15. Bh4 Nxe4 16. Bxe4 Bxh4 17. Bxb7 Qxb7 18. g5 Rxc3 19. bxc3 hxg5 20. Nd4 Qd5 21. Qf3 Qxf3 22. Nxf3 d5 23. fxg5 Ke7 24. Rdf1 f6 25. Rhg1 Rh5 26. Rg4 Bxg5+ 27. Nxg5 fxg5 28. Kb2 Ne5 29. Rg2 Nc4+ 30. Kb3 Ne3 31. Rff2 Nxg2 32. Rxg2 Kf6 33. Kb4 Rh4+ 34. Kc5 Rc4+ 35. Kd6 Rxc3 36. Rf2+ Kg6 37. Kxe6 Rxa3 38. Kxd5 Rc3 39. Re2 Kh5 40. Ke6 b4 41. Kf7 Rc7+ 42. Ke6 a5 43. Kf5 Rc5+ 44. Ke6 a4 45. Kd6 Rc3 46. Re4 Rxc2 47. Rxb4 a3 48. Ra4 Rxh2 49. Rxa3 Re2 50. Rh3+ Kg6 51. Rg3 Re4 52. Kd5 Ra4 53. Ke5 g4 54. Rg1 Kg5 55. Rg2 Ra3 56. Ke4 g3 57. Rb2 Kg4 58. Rc2 g5 59. Rb2 Rf3 60. Rg2 Rf2 61. Rg1 g2 62. Ke3 Kg3 63. Ra1 Rf1 64. Kd4 0-1

[Event "TUR-chT Superleague 2018"]
[Site "Ankara"]
[Date "2018.07.27"]
[Round "3"]
[White "Ozen, Bahadir"]
[Black "Yaran, Siar"]
[Result "0-1"]
[ECO "C54"]
[WhiteElo "2317"]
[BlackElo "2261"]
[Annotator "NA"]
[PlyCount "98"]
[EventDate "2018.07.25"]
[EventType "team-tourn"]
[EventCountry "TUR"]
[SourceTitle "playchess.com"]
[Source "ChessBase"]
[SourceQuality "1"]
[TimeControl "40/5400+30:1800+30"]

1. e4 e5 2. Nf3 Nc6 3. Bc4 Bc5 4. c3 Nf6 5. d3 a6 6. a4 O-O 7. Bg5 h6 8. Bh4 Be7 9. O-O d6 10. Nbd2 Nh5 11. Bg3 Nxg3 12. hxg3 Kh8 13. Re1 f5 14. Nf1 f4 15. gxf4 exf4 16. d4 g5 17. N3h2 Bf6 18. Be2 Bd7 19. Nd2 Bg7 20. a5 Be8 21. Bh5 Qd7 22. Qf3 Bf7 23. Kh1 Qe8 24. Bxf7 Qxf7 25. g4 fxg3 26. fxg3 Qg6 27. Qe2 Rae8 28. b4 Na7 29. Rac1 Nb5 30. Rf1 Rxf1+ 31. Nhxf1 c5 32. bxc5 dxc5 33. dxc5 Nxc3 34. Qf3 Nxe4 35. Re1 g4 36. Qf4 Qh5+ 37. Nh2 Nxg3+ 38. Qxg3 Qd5+ 39. Nhf3 Rxe1+ 40. Qxe1 gxf3 41. Qe8+ Kh7 42. Qe4+ Qxe4 43. Nxe4 Bd4 44. Kh2 Kg6 45. Kg3 f2 46. Kg2 h5 47. Nd6 Bxc5 48. Nxb7 Be7 49. Kxf2 Kf5 0-1

[Event "TUR-chT Superleague 2018"]
[Site "Ankara"]
[Date "2018.07.27"]
[Round "3"]
[White "Keler, Faruk"]
[Black "Kinsiz, Onur"]
[Result "1-0"]
[ECO "C41"]
[WhiteElo "2286"]
[BlackElo "2204"]
[Annotator "NA"]
[PlyCount "71"]
[EventDate "2018.07.25"]
[EventType "team-tourn"]
[EventCountry "TUR"]
[SourceTitle "playchess.com"]
[Source "ChessBase"]
[SourceQuality "1"]
[TimeControl "40/5400+30:1800+30"]

1. e4 d6 2. d4 Nf6 3. Nc3 e5 4. Nf3 Nbd7 5. Bc4 Be7 6. O-O O-O 7. Re1 c6 8. a4 b6 9. d5 cxd5 10. Nxd5 Bb7 11. b3 Rc8 12. Nxe7+ Qxe7 13. Nd2 Nc5 14. f3 Rfd8 15. Bb2 Qd7 16. Bf1 Nh5 17. Nc4 Nf4 18. Ne3 Ng6 19. Bc4 Nf4 20. Qd2 a6 21. Qb4 Qc7 22. Rad1 Rb8 23. Rd2 b5 24. axb5 axb5 25. Bf1 Ba8 26. Ra1 Qb6 27. Qa5 Qc6 28. Nf5 Ng6 29. Bxe5 Nxe4 30. fxe4 Qxe4 31. Rxd6 Re8 32. Rxg6 Qxe5 33. Rxg7+ Kh8 34. Rxf7 Bd5 35. Re1 Be4 36. Rxe4 1-0

[Event "TUR-chT Superleague 2018"]
[Site "Ankara"]
[Date "2018.07.27"]
[Round "3"]
[White "Tasdogen, Dincer"]
[Black "Can, Isik"]
[Result "1-0"]
[ECO "B18"]
[WhiteElo "2280"]
[BlackElo "2385"]
[Annotator "NA"]
[PlyCount "111"]
[EventDate "2018.07.25"]
[EventType "team-tourn"]
[EventCountry "TUR"]
[SourceTitle "playchess.com"]
[Source "ChessBase"]
[SourceQuality "1"]
[TimeControl "40/5400+30:1800+30"]

1. e4 c6 2. d4 d5 3. Nc3 dxe4 4. Nxe4 Bf5 5. Ng3 Bg6 6. h4 h6 7. f4 e6 8. h5 Bh7 9. Nf3 Nf6 10. Bd3 Bxd3 11. Qxd3 Bd6 12. Bd2 Nbd7 13. O-O-O O-O 14. Ne4 Nxe4 15. Qxe4 Nf6 16. Qe2 Qc7 17. Ne5 c5 18. dxc5 Qxc5 19. g4 Rac8 20. c3 Qd5 21. Kb1 Qe4+ 22. Qxe4 Nxe4 23. Be3 b6 24. Kc2 Rfd8 25. Bd4 f6 26. Ng6 Kf7 27. Rhe1 Nc5 28. Bxc5 Rxc5 29. Rd3 Rc6 30. b4 b5 31. Red1 Ke8 32. Kb3 Bc7 33. a4 Rxd3 34. Rxd3 bxa4+ 35. Kxa4 e5 36. fxe5 fxe5 37. Kb3 e4 38. Re3 Re6 39. c4 Kf7 40. c5 Bh2 41. Re2 Bg1 42. Nf4 Re8 43. Ra2 Ra8 44. Nh3 Bd4 45. Kc4 Bf6 46. b5 Be7 47. Nf4 e3 48. Nd5 Bg5 49. b6 e2 50. Rxe2 axb6 51. cxb6 Bh4 52. Re3 Bd8 53. b7 Rb8 54. Rb3 Ke6 55. Kc5 Kd7 56. Nb6+ 1-0

[Event "TUR-chT Superleague 2018"]
[Site "Ankara"]
[Date "2018.07.27"]
[Round "3"]
[White "Uzumcu, Ahmet Utku"]
[Black "Gurel, Ediz"]
[Result "1-0"]
[ECO "B40"]
[WhiteElo "2261"]
[BlackElo "1792"]
[Annotator "NA"]
[PlyCount "107"]
[EventDate "2018.07.25"]
[EventType "team-tourn"]
[EventCountry "TUR"]
[SourceTitle "playchess.com"]
[Source "ChessBase"]
[SourceQuality "1"]
[TimeControl "40/5400+30:1800+30"]

1. e4 c5 2. Nf3 e6 3. d4 cxd4 4. Nxd4 Nc6 5. Nxc6 bxc6 6. Bd3 Nf6 7. Nd2 d5 8. Qe2 Be7 9. O-O O-O 10. b3 Bb4 11. e5 Nd7 12. Bb2 h6 13. Rad1 Nc5 14. c3 Nxd3 15. Qxd3 Be7 16. Rfe1 a5 17. Qg3 a4 18. b4 Ba6 19. a3 Qb6 20. Nf3 c5 21. Bc1 Kh7 22. Be3 Qc7 23. bxc5 Bxc5 24. Bxc5 Qxc5 25. Rd4 f5 26. exf6 Rxf6 27. Rxa4 Ra7 28. Rh4 Bc8 29. a4 Rb7 30. Ne5 Rb2 31. Ng4 Rg6 32. Qd3 Ba6 33. Qe3 Qa3 34. h3 Rc2 35. Nxh6 gxh6 36. Qa7+ Rg7 37. Qxa6 Qf8 38. Qd3+ Qf5 39. Qe3 Rg6 40. Rf4 Qg5 41. Rf7+ Kg8 42. Qxg5 hxg5 43. Re7 Rf6 44. f3 Rxc3 45. R1xe6 Rf7 46. Rxf7 Kxf7 47. Re5 d4 48. Rxg5 Ke6 49. Kf2 Rc2+ 50. Ke1 d3 51. Kd1 Ra2 52. a5 Kf6 53. h4 Ra4 54. g3 1-0

[Event "TUR-chT Superleague 2018"]
[Site "Ankara"]
[Date "2018.07.27"]
[Round "3"]
[White "Kizilkaya, Mehmet"]
[Black "Yurtseven, Melih"]
[Result "0-1"]
[ECO "B08"]
[WhiteElo "2205"]
[BlackElo "2404"]
[Annotator "NA"]
[PlyCount "102"]
[EventDate "2018.07.25"]
[EventType "team-tourn"]
[EventCountry "TUR"]
[SourceTitle "playchess.com"]
[Source "ChessBase"]
[SourceQuality "1"]
[TimeControl "40/5400+30:1800+30"]

1. e4 g6 2. d4 Bg7 3. Nc3 c6 4. Nf3 d6 5. h3 b5 6. a3 a6 7. Be2 Nf6 8. O-O O-O 9. Bg5 h6 10. Bf4 Kh7 11. e5 dxe5 12. Nxe5 Be6 13. Bf3 Nd5 14. Nxd5 Bxd5 15. c3 Bxf3 16. Qxf3 Qd5 17. Qe2 Bxe5 18. dxe5 Qe6 19. Qd2 Nd7 20. Bxh6 Rfd8 21. Rfe1 Nc5 22. Qg5 Qc4 23. f3 Rd5 24. f4 Ne6 25. Qh4 Rd2 26. Bg5+ Kg8 27. Rad1 Rad8 28. Rxd2 Rxd2 29. Bh6 Qc5+ 30. Kh1 Qf2 31. Qxf2 Rxf2 32. f5 gxf5 33. Bc1 Rc2 34. Rf1 Nc5 35. Bg5 Ne4 36. Bh4 e6 37. Rd1 Rxb2 38. Rd8+ Kg7 39. Rc8 Rb3 40. Rxc6 Rxa3 41. Be7 Ra1+ 42. Kh2 a5 43. h4 Rc1 44. Ra6 a4 45. Ra5 Rb1 46. Bb4 Rb3 47. g3 Rb2+ 48. Kg1 Nxg3 49. Rxb5 a3 50. h5 f4 51. c4 f3 0-1

[Event "TUR-chT Superleague 2018"]
[Site "Ankara"]
[Date "2018.07.27"]
[Round "3"]
[White "Kamer, Kayra"]
[Black "Gunduz, Umut Erdem"]
[Result "1-0"]
[ECO "C49"]
[WhiteElo "2181"]
[BlackElo "2130"]
[Annotator "NA"]
[PlyCount "65"]
[EventDate "2018.07.25"]
[EventType "team-tourn"]
[EventCountry "TUR"]
[SourceTitle "playchess.com"]
[Source "ChessBase"]
[SourceQuality "1"]
[TimeControl "40/5400+30:1800+30"]

1. e4 e5 2. Nf3 Nc6 3. Nc3 Nf6 4. Bb5 Bb4 5. O-O O-O 6. d3 d6 7. Bg5 Ne7 8. Ne2 c6 9. Ba4 Ng6 10. c3 Ba5 11. Nh4 h6 12. Nxg6 fxg6 13. Bxf6 Qxf6 14. d4 Kh7 15. Qd3 Bb6 16. Kh1 Qh4 17. g3 Qe7 18. f4 exd4 19. Nxd4 Bh3 20. Rfe1 Rad8 21. Bc2 Qf7 22. Nf3 Bg4 23. Nh4 Kh8 24. e5 dxe5 25. Qxg6 Qxg6 26. Nxg6+ Kg8 27. Bb3+ Kh7 28. Nxf8+ Rxf8 29. Bd1 Bxd1 30. Raxd1 exf4 31. gxf4 Rxf4 32. Rd7 Rf2 33. Rg1 1-0

[Event "TUR-chT Superleague 2018"]
[Site "Ankara"]
[Date "2018.07.27"]
[Round "3"]
[White "Tofan, Ibrahim"]
[Black "Karagollu, Ahmet"]
[Result "1-0"]
[ECO "A30"]
[WhiteElo "2169"]
[BlackElo "2127"]
[Annotator "NA"]
[PlyCount "155"]
[EventDate "2018.07.25"]
[EventType "team-tourn"]
[EventCountry "TUR"]
[SourceTitle "playchess.com"]
[Source "ChessBase"]
[SourceQuality "1"]
[TimeControl "40/5400+30:1800+30"]

1. Nf3 Nf6 2. c4 g6 3. b3 Bg7 4. Bb2 c5 5. g3 b6 6. Bg2 Bb7 7. O-O O-O 8. Nc3 d6 9. d4 cxd4 10. Nxd4 Bxg2 11. Kxg2 Qd7 12. e4 Nc6 13. Nxc6 Qxc6 14. Nd5 Nxd5 15. exd5 Qb7 16. Bxg7 Kxg7 17. Kg1 Kg8 18. Re1 Rac8 19. a4 a6 20. Qd4 Rc5 21. Qe3 Re8 22. Qh6 Rc7 23. Rad1 Rf8 24. Rd4 f6 25. Rde4 b5 26. axb5 axb5 27. Qe3 bxc4 28. bxc4 Rf7 29. h4 Qc8 30. Rc1 Qb7 31. h5 gxh5 32. Rh4 Qc8 33. Qe2 Rg7 34. Qxh5 Qf8 35. Qf5 Qc8 36. Qe4 Kh8 37. Kg2 Qe8 38. Rch1 Qf7 39. Qf5 Ra7 40. Qb1 Ra8 41. Qb7 Qg8 42. Qb1 Ra3 43. R1h3 Ra8 44. Rh6 Rc8 45. Qe4 Qf7 46. R3h4 Rb8 47. Qd4 Qg8 48. Rh3 Ra8 49. Qe4 Ra4 50. Qc2 Ra5 51. R6h4 Rc5 52. Qd3 Ra5 53. Rh1 Ra2 54. Re1 Qa8 55. Reh1 Qg8 56. Qf3 Qa8 57. Re1 Ra3 58. Qf4 Qg8 59. Rhh1 Ra4 60. Re4 Ra7 61. Rhe1 Qd8 62. Qe3 Rb7 63. Re6 Qc7 64. Qf4 Qd7 65. Ra1 Ra7 66. Rae1 Rc7 67. Qd4 Qc8 68. R1e4 Kg8 69. Qd3 Qd7 70. Qe2 Kf8 71. Qh5 Rc8 72. Qf5 Rd8 73. c5 dxc5 74. d6 exd6 75. Qxf6+ Kg8 76. Re7 Rxe7 77. Rxe7 Qg4 78. Qf7+ 1-0

[Event "TUR-chT Superleague 2018"]
[Site "Ankara"]
[Date "2018.07.27"]
[Round "3"]
[White "Bozbey, Ali"]
[Black "Unat, Can Haktan"]
[Result "1/2-1/2"]
[ECO "C42"]
[WhiteElo "2126"]
[BlackElo "2047"]
[Annotator "NA"]
[PlyCount "88"]
[EventDate "2018.07.25"]
[EventType "team-tourn"]
[EventCountry "TUR"]
[SourceTitle "playchess.com"]
[Source "ChessBase"]
[SourceQuality "1"]
[TimeControl "40/5400+30:1800+30"]

1. e4 e5 2. Nf3 Nf6 3. Nc3 Bb4 4. Nxe5 O-O 5. Nd3 Bxc3 6. dxc3 Nxe4 7. Nf4 d6 8. Be3 Nd7 9. Qf3 Ndf6 10. h3 b6 11. Nh5 Bb7 12. Nxf6+ Qxf6 13. Qxf6 Nxf6 14. O-O-O Rae8 15. Rg1 Nd7 16. Bb5 Re7 17. Bxd7 Rxd7 18. g3 Re8 19. Rd4 Rde7 20. Ra4 a5 21. Rd1 Bf3 22. Rd2 Be4 23. Rd1 Bf3 24. Rd2 Be4 25. b4 Bc6 26. Ra3 a4 27. c4 Re4 28. Rc3 Bd7 29. c5 bxc5 30. bxc5 Be6 31. cxd6 cxd6 32. Rxd6 Bxa2 33. Ra6 Be6 34. h4 h6 35. Ra3 Rc8 36. R3xa4 Rxa4 37. Rxa4 Bb3 38. Rb4 Bxc2 39. Kd2 Bg6 40. Rb2 Rd8+ 41. Ke2 Rc8 42. Kf3 h5 43. Rb4 Re8 44. Kf4 Re6 1/2-1/2

[Event "TUR-chT Superleague 2018"]
[Site "Ankara"]
[Date "2018.07.27"]
[Round "3"]
[White "Bolat, Ahmet"]
[Black "Asadli, Vugar"]
[Result "0-1"]
[ECO "B20"]
[WhiteElo "2124"]
[BlackElo "2478"]
[Annotator "ChessBase"]
[PlyCount "70"]
[EventDate "2018.07.25"]
[EventType "team-tourn"]
[EventCountry "TUR"]
[SourceTitle "playchess.com"]
[Source "ChessBase"]
[SourceQuality "1"]
[TimeControl "40/5400+30:1800+30"]

1. g3 g6 2. Bg2 Bg7 3. e4 c5 4. f4 Nc6 5. Nf3 d6 6. O-O e6 7. d3 Nge7 8. c3 O-O 9. Be3 b6 10. Nbd2 Ba6 11. Qe2 Qd7 12. g4 d5 13. e5 d4 14. cxd4 cxd4 15. Bf2 Nd5 16. Qe4 f5 17. exf6 Nxf6 18. Qe2 Nd5 19. Bg3 Ne3 20. Rfc1 Rae8 21. Ne5 Nxe5 22. fxe5 Nxg2 23. Kxg2 Bh6 24. Rf1 Be3 25. Rxf8+ Rxf8 26. Rf1 Bb7+ 27. Ne4 Rxf1 28. Qxf1 Bxe4+ 29. dxe4 d3 30. Qd1 d2 31. Bf2 Bh6 32. h4 Qd3 33. Qa4 d1=Q 34. Qe8+ Bf8 35. Qxe6+ Kh8 0-1

[Event "TUR-chT Superleague 2018"]
[Site "Ankara"]
[Date "2018.07.27"]
[Round "3"]
[White "Tarlabasi, Emirhan"]
[Black "Ozenir, Ekin Baris"]
[Result "0-1"]
[ECO "E14"]
[WhiteElo "2117"]
[BlackElo "2300"]
[Annotator "NA"]
[PlyCount "88"]
[EventDate "2018.07.25"]
[EventType "team-tourn"]
[EventCountry "TUR"]
[SourceTitle "playchess.com"]
[Source "ChessBase"]
[SourceQuality "1"]
[TimeControl "40/5400+30:1800+30"]

1. d4 Nf6 2. c4 e6 3. Nf3 b6 4. e3 Bb7 5. Bd3 d5 6. O-O Bd6 7. b3 O-O 8. Bb2 Nbd7 9. Nbd2 Ne4 10. a3 a5 11. Qe2 f5 12. Rfd1 Qf6 13. Nf1 Qe7 14. N3d2 c5 15. f3 Nef6 16. cxd5 Nxd5 17. Nc4 Bc7 18. Rac1 Rad8 19. Ne5 cxd4 20. Nxd7 Rxd7 21. Bb5 Rdd8 22. Rxd4 Bd6 23. a4 Bc5 24. Rdc4 e5 25. Kh1 Kh8 26. Rd1 Nc7 27. Rcc1 Nxb5 28. Qxb5 h6 29. Qc4 Rc8 30. Qe2 Qe6 31. Nd2 Rfd8 32. Nc4 Ba6 33. e4 f4 34. Rxd8+ Rxd8 35. Qc2 Be3 36. Re1 Rc8 37. Qd1 Bxc4 38. bxc4 Rxc4 39. Qd8+ Kh7 40. h3 Rc2 41. Ba3 Qg6 42. g4 fxg3 43. Rxe3 g2+ 44. Kg1 Qg3 0-1

[Event "TUR-chT Superleague 2018"]
[Site "Ankara"]
[Date "2018.07.27"]
[Round "3"]
[White "Caglar, Ahmet Ata"]
[Black "Yilmaz, Goktan"]
[Result "1/2-1/2"]
[ECO "C84"]
[WhiteElo "2097"]
[BlackElo "2233"]
[Annotator "NA"]
[PlyCount "64"]
[EventDate "2018.07.25"]
[EventType "team-tourn"]
[EventCountry "TUR"]
[SourceTitle "playchess.com"]
[Source "ChessBase"]
[SourceQuality "1"]
[TimeControl "40/5400+30:1800+30"]

1. e4 e5 2. Nf3 Nc6 3. Bb5 a6 4. Ba4 Nf6 5. O-O Be7 6. d3 b5 7. Bb3 d6 8. a4 b4 9. a5 O-O 10. Nbd2 Rb8 11. h3 Be6 12. Nc4 Nd7 13. Be3 Bf6 14. Ba4 Nd4 15. Nxd4 exd4 16. Bd2 Nc5 17. b3 d5 18. e5 dxc4 19. exf6 Qxf6 20. bxc4 Nxa4 21. Rxa4 c5 22. Re1 Rfe8 23. Ra1 Qg6 24. Bf4 Rbc8 25. Qf3 Bd7 26. Qg3 Qxg3 27. Bxg3 Rxe1+ 28. Rxe1 Ba4 29. Re2 Re8 30. Rxe8+ Bxe8 31. Bd6 Ba4 32. Bxc5 Bxc2 1/2-1/2

[Event "TUR-chT Superleague 2018"]
[Site "Ankara"]
[Date "2018.07.27"]
[Round "3"]
[White "Gulbeyaz, Emir"]
[Black "Samani, Yamac"]
[Result "0-1"]
[ECO "D35"]
[WhiteElo "2074"]
[BlackElo "2227"]
[Annotator "NA"]
[PlyCount "90"]
[EventDate "2018.07.25"]
[EventType "team-tourn"]
[EventCountry "TUR"]
[SourceTitle "playchess.com"]
[Source "ChessBase"]
[SourceQuality "1"]
[TimeControl "40/5400+30:1800+30"]

1. d4 d5 2. Nf3 Nf6 3. c4 e6 4. cxd5 exd5 5. Nc3 c6 6. Qc2 Be7 7. Bf4 O-O 8. e3 a5 9. Bd3 Na6 10. a3 Nc7 11. h3 Ne6 12. Bh2 g6 13. O-O Ng7 14. Ne5 Bf5 15. Rab1 Bxd3 16. Qxd3 a4 17. g4 Nd7 18. f4 f5 19. Kh1 Nxe5 20. dxe5 Ne6 21. Ne2 Nc5 22. Qc2 Ne4 23. Nd4 Qc8 24. Rg1 Bc5 25. Rg2 Bxd4 26. exd4 Qd8 27. g5 Qb6 28. Rd1 Ra5 29. Bg3 Rb5 30. Be1 Rb3 31. Kh2 Qb5 32. Bb4 Re8 33. Qc1 Kf7 34. h4 Rf3 35. Kg1 Rh3 36. Be1 Qb3 37. Qc2 Qe3+ 38. Bf2 Qxf4 39. Rd3 Rxd3 40. Qxd3 Qc1+ 41. Kh2 Qxb2 42. Be3 Qc3 43. Qb1 Qxe3 44. Qxb7+ Re7 45. Qxc6 Qxd4 0-1

[Event "TUR-chT Superleague 2018"]
[Site "Ankara"]
[Date "2018.07.27"]
[Round "3"]
[White "Zeydan, Salih"]
[Black "Gok, Fatih"]
[Result "1-0"]
[ECO "B01"]
[WhiteElo "2061"]
[BlackElo "1952"]
[Annotator "NA"]
[PlyCount "57"]
[EventDate "2018.07.25"]
[EventType "team-tourn"]
[EventCountry "TUR"]
[SourceTitle "playchess.com"]
[Source "ChessBase"]
[SourceQuality "1"]
[TimeControl "40/5400+30:1800+30"]

1. e4 d5 2. exd5 Qxd5 3. Nc3 Qd6 4. d4 Nf6 5. h3 g6 6. Nf3 Bg7 7. Bc4 O-O 8. O-O a6 9. a4 Nc6 10. Re1 Rd8 11. Qe2 e6 12. Bg5 h6 13. Bh4 g5 14. Bg3 Qb4 15. Bb3 Nxd4 16. Nxd4 Rxd4 17. Be5 Rd7 18. Rad1 Qe7 19. Qf3 Rb8 20. Rxd7 Bxd7 21. Bxc7 Bc6 22. Qg3 Rc8 23. Bd6 Qe8 24. h4 g4 25. Be5 Qe7 26. Qf4 Rd8 27. Ne2 Kh8 28. Ng3 Rg8 29. Nh5 1-0

[Event "TUR-chT Superleague 2018"]
[Site "Ankara"]
[Date "2018.07.27"]
[Round "3"]
[White "Korkmaz, Necmettin"]
[Black "Esen, Baris"]
[Result "0-1"]
[ECO "B08"]
[WhiteElo "2056"]
[BlackElo "2487"]
[Annotator "ChessBase"]
[PlyCount "140"]
[EventDate "2018.07.25"]
[EventType "team-tourn"]
[EventCountry "TUR"]
[SourceTitle "playchess.com"]
[Source "ChessBase"]
[SourceQuality "1"]
[TimeControl "40/5400+30:1800+30"]

1. e4 g6 2. d4 Bg7 3. Nc3 d6 4. Nf3 Nf6 5. h3 c6 6. a4 O-O 7. Be2 Nbd7 8. O-O e5 9. dxe5 dxe5 10. Qd6 Re8 11. Rd1 Bf8 12. Qd3 Qc7 13. Bg5 h6 14. Bh4 Nc5 15. Qe3 Nh5 16. Nh2 Nf4 17. Ng4 Nxe2+ 18. Qxe2 Bxg4 19. Qxg4 Be7 20. Bxe7 Qxe7 21. b3 Rad8 22. Ne2 Ne6 23. Qg3 Qc5 24. c3 a5 25. Rab1 Rd6 26. Rxd6 Qxd6 27. Qe3 Kg7 28. b4 Ra8 29. bxa5 Nc5 30. f4 Rxa5 31. fxe5 Qxe5 32. Qd4 Qxd4+ 33. cxd4 Nxe4 34. Rxb7 Rxa4 35. Re7 Ra1+ 36. Kh2 Nd2 37. Rc7 Re1 38. Nc3 Rc1 39. Ne2 Rc4 40. Nf4 Kf6 41. Nd3 Rxd4 42. Rxc6+ Kg7 43. Ne5 Rd5 44. Ng4 h5 45. Ne3 Rd3 46. Nc4 Nf1+ 47. Kg1 Ng3 48. Ne5 Rd5 49. Nf3 g5 50. Rc4 f6 51. Kf2 h4 52. Nxh4 gxh4 53. Rxh4 Nf5 54. Rg4+ Kf7 55. Rf4 Ng7 56. g4 Ne6 57. Ra4 Rd2+ 58. Kg3 Rd3+ 59. Kg2 Rd4 60. Rxd4 Nxd4 61. Kg3 Ke6 62. Kf4 Nc6 63. h4 Ne5 64. g5 Ng6+ 65. Kg3 f5 66. h5 Ne7 67. Kh4 Ke5 68. h6 f4 69. Kh5 Kf5 70. h7 Ng6 0-1

[Event "TUR-chT Superleague 2018"]
[Site "Ankara"]
[Date "2018.07.27"]
[Round "3"]
[White "Ozbek, Busra"]
[Black "Sahin, Hayrun Nisa"]
[Result "1/2-1/2"]
[ECO "A48"]
[WhiteElo "1848"]
[BlackElo "1736"]
[Annotator "NA"]
[PlyCount "92"]
[EventDate "2018.07.25"]
[EventType "team-tourn"]
[EventCountry "TUR"]
[SourceTitle "playchess.com"]
[Source "ChessBase"]
[SourceQuality "1"]
[TimeControl "40/5400+30:1800+30"]

1. d4 Nf6 2. Nf3 g6 3. Bg5 Bg7 4. Nbd2 O-O 5. c3 d6 6. e4 c5 7. dxc5 dxc5 8. Be2 Qc7 9. h3 h6 10. Be3 b6 11. O-O Bb7 12. Qc2 Nc6 13. a4 Rac8 14. Nc4 Rfd8 15. Rad1 Nxe4 16. Qxe4 Nd4 17. Qg4 Nxe2+ 18. Kh1 h5 19. Qh4 Bxf3 20. gxf3 Qb7 21. Kg2 Nd4 22. cxd4 cxd4 23. b3 dxe3 24. fxe3 a6 25. Qf4 b5 26. Ne5 Bxe5 27. Qxe5 Rxd1 28. Rxd1 Rc2+ 29. Kg1 Qc7 30. Qxc7 Rxc7 31. axb5 axb5 32. Rd5 Rb7 33. b4 Kg7 34. Kf2 Kf6 35. Kg3 Ke6 36. Rc5 Kf6 37. Kf4 Rb6 38. e4 Rb7 39. e5+ Kg7 40. Ke4 Kh6 41. Kf4 f6 42. Ke4 Rb6 43. Kf4 g5+ 44. Ke4 Kg6 45. exf6 exf6 46. Rd5 Rb8 1/2-1/2

[Event "TUR-chT Superleague 2018"]
[Site "Ankara"]
[Date "2018.07.27"]
[Round "3"]
[White "Onur, Cigdem"]
[Black "Celik, Eda"]
[Result "1-0"]
[ECO "B13"]
[WhiteElo "1750"]
[BlackElo "1864"]
[Annotator "NA"]
[PlyCount "81"]
[EventDate "2018.07.25"]
[EventType "team-tourn"]
[EventCountry "TUR"]
[SourceTitle "playchess.com"]
[Source "ChessBase"]
[SourceQuality "1"]
[TimeControl "40/5400+30:1800+30"]

1. d4 d5 2. Bf4 c5 3. e3 cxd4 4. exd4 Nc6 5. c3 Bf5 6. Bd3 Bxd3 7. Qxd3 e6 8. Nd2 Bd6 9. Bg3 Nf6 10. Ngf3 O-O 11. O-O Bxg3 12. hxg3 Qd6 13. Rae1 Rac8 14. Ne5 Nd7 15. f4 f6 16. Nxd7 Qxd7 17. Re3 Rfe8 18. Nf3 Ne7 19. g4 Ng6 20. g3 Re7 21. Rfe1 Rce8 22. Kf2 Nh8 23. Rh1 g6 24. g5 fxg5 25. Nxg5 b6 26. Qf1 Qa4 27. a3 Qc2+ 28. Re2 Qf5 29. Qd1 Rg7 30. Re5 Qf6 31. Qa4 Rge7 32. Nxh7 Qg7 33. Ng5 Qf6 34. Qd1 Nf7 35. Nxf7 Rxf7 36. Qg4 Rh7 37. Rxh7 Kxh7 38. Qe2 Kg7 39. Rxd5 Rh8 40. Rd7+ Kf8 41. Qa6 1-0

[Event "TUR-chT Superleague 2018"]
[Site "Ankara"]
[Date "2018.07.27"]
[Round "3"]
[White "Yorgun, Yarennaz"]
[Black "Balajayeva, Khanim"]
[Result "0-1"]
[ECO "B01"]
[WhiteElo "1737"]
[BlackElo "2332"]
[Annotator "NA"]
[PlyCount "124"]
[EventDate "2018.07.25"]
[EventType "team-tourn"]
[EventCountry "TUR"]
[SourceTitle "playchess.com"]
[Source "ChessBase"]
[SourceQuality "1"]
[TimeControl "40/5400+30:1800+30"]

1. e4 d5 2. exd5 Qxd5 3. Nc3 Qd6 4. d4 Nf6 5. Nf3 g6 6. h3 Bg7 7. Be3 O-O 8. Qd2 a6 9. Be2 b5 10. a3 Bb7 11. O-O Nbd7 12. Bf4 Qb6 13. Rad1 Rad8 14. Be3 Ba8 15. Qc1 Qb8 16. Rfe1 Qc8 17. Na2 Nb6 18. b3 Nbd5 19. c4 bxc4 20. bxc4 Nxe3 21. Qxe3 e6 22. Nb4 a5 23. Nd3 Ne4 24. Nc1 c5 25. Nb3 cxd4 26. Nbxd4 Qc5 27. Bf1 a4 28. Nc2 Qe7 29. Nb4 Bc3 30. Rxd8 Rxd8 31. Rc1 Bxb4 32. axb4 Qxb4 33. c5 Qb3 34. Qe1 Rc8 35. c6 Nd6 36. c7 Qb6 37. Qc3 Ne8 38. Qa3 Bxf3 39. gxf3 Rxc7 40. Rxc7 Nxc7 41. Qxa4 Nd5 42. Qa8+ Kg7 43. Qa1+ f6 44. Qa4 Qd6 45. Qa7+ Kh6 46. Qd4 Qf4 47. Qxf4+ Nxf4 48. Kh2 Kg5 49. Kg3 Nh5+ 50. Kg2 Kh4 51. Bc4 Nf4+ 52. Kh2 Nxh3 53. Bxe6 Nxf2 54. Bg8 h5 55. Bh7 Kg5 56. Kg3 Nd3 57. Kg2 Ne5 58. Kg3 h4+ 59. Kf2 Kf4 60. Kg2 f5 61. Kh3 g5 62. Kg2 Nxf3 0-1

[Event "TUR-chT Superleague 2018"]
[Site "Ankara"]
[Date "2018.07.27"]
[Round "3"]
[White "Keskin, Elif"]
[Black "Sade, Defne"]
[Result "1/2-1/2"]
[ECO "D19"]
[WhiteElo "1719"]
[BlackElo "1954"]
[Annotator "NA"]
[PlyCount "73"]
[EventDate "2018.07.25"]
[EventType "team-tourn"]
[EventCountry "TUR"]
[SourceTitle "playchess.com"]
[Source "ChessBase"]
[SourceQuality "1"]
[TimeControl "40/5400+30:1800+30"]

1. d4 d5 2. c4 c6 3. Nf3 Nf6 4. Nc3 dxc4 5. a4 Bf5 6. e3 e6 7. Bxc4 Bb4 8. O-O O-O 9. Qe2 Nbd7 10. e4 Bg6 11. Bd3 Bh5 12. e5 Nd5 13. Nxd5 cxd5 14. Qe3 Bg6 15. Ng5 Re8 16. f4 f5 17. g4 fxg4 18. Nxe6 Rxe6 19. f5 Rxe5 20. Qf4 Re8 21. fxg6 Rf8 22. gxh7+ Kh8 23. Qxg4 Rxf1+ 24. Kxf1 Qe7 25. Bg5 Nf6 26. Qh4 Qe6 27. Bxf6 Rf8 28. Kg2 Rxf6 29. Rf1 Rxf1 30. Kxf1 Be7 31. Qf2 Qh3+ 32. Ke2 Qg4+ 33. Kd2 Bf6 34. Qf5 Qxf5 35. Bxf5 Bxd4 36. b3 Be5 37. Bg6 1/2-1/2